 Dungeon Crawl Stone Soup version 0.24.1-14-gf8d2b509d9 (webtiles) character file.

Game seed: 1921189646121330637, levelgen mode: deterministic

107 Hugehornet the Chopper (level 4, -4/28 HPs)
             Began as a Gargoyle Fighter on May 26, 2020.
             Slain by an ogre
             ... wielding a +0 giant spiked club
              (19 damage)
             ... on level 3 of the Dungeon.
             The game lasted 00:03:16 (1320 turns).

Hugehornet the Chopper (Gargoyle Fighter)           Turns: 1320, Time: 00:03:17

Health: -4/28      AC: 10    Str: 19    XL:     4   Next: 85%
Magic:  4/4        EV:  7    Int: 10    God:
Gold:   167        SH:  9    Dex:  9    Spells: 3/3 levels left

rFire    . . .     SeeInvis .   a - +0 war axe
rCold    . . .     Gourm    .   c - +0 shield
rNeg     + . .     Faith    .   b - +0 scale mail
rPois    ∞         Spirit   .   (no helmet)
rElec    +         Reflect  .   (no cloak)
rCorr    .         Harm     .   (no gloves)
MR       .....                  (no boots)
Stlth    ..........             i - amulet of regeneration
HPRegen  0.49/turn              (no ring)
MPRegen  0.09/turn              (no ring)

@: no status effects
A: negative energy resistance 1, electricity resistance, unbreathing,
petrification resistance, rot immunity, AC +3
a: no special abilities


You were on level 3 of the Dungeon.
You were not hungry.

You visited 1 branch of the dungeon, and saw 3 of its levels.

You collected 167 gold pieces.

Inventory:

Hand Weapons
 a - a +0 war axe (weapon)
 n - a +2 whip of holy wrath
Armour
 b - a +0 scale mail (worn)
 c - a +0 shield (worn)
 m - a +0 plate armour
Jewellery
 i - an amulet of regeneration (around neck)
Scrolls
 g - 3 scrolls of immolation {unknown}
 h - a scroll of amnesia {unknown}
 l - a scroll of fog {unknown}
 q - 3 scrolls of remove curse {unknown}
Potions
 d - a potion of might
 e - a potion of agility {unknown}
 j - 2 potions of lignification {unknown}
 k - 2 potions of heal wounds {unknown}
 o - a potion of resistance {unknown}
 p - a potion of mutation {unknown}
 r - a potion of curing {unknown}
 s - a potion of haste {unknown}
Comestibles
 f - 3 rations


   Skills:
 - Level 3.2 Fighting
 + Level 4.4 Axes
 - Level 3.2 Armour
 - Level 3.2 Shields


You had 3 spell levels left.
You didn't know any spells.
Your spell library contained the following spells:

 Spells                   Type           Power        Failure   Level  Hunger
 Animate Skeleton         Necr           N/A          99%         1    ##.....
 Apportation              Tloc           #.....       99%         1    ##.....
 Confusing Touch          Hex            #.....       99%         1    ##.....
 Summon Small Mammal      Summ           #...         99%         1    ##.....


Dungeon Overview and Level Annotations

Branches:
Dungeon (3/15)

Altars:
Makhleb


Innate Abilities, Weirdness & Mutations

You are resistant to torment.
Your stone body is resilient. (AC +3)
You are immune to poison.
You resist negative energy. (rN+)
You are resistant to electric shocks. (rElec)
You can survive without breathing.
You are immune to petrification.
You are immune to rotting.


Message History

a +0 spear; a gnoll corpse
Things that are here:
a +0 flail; a cursed -2 spear; a gnoll corpse You see here a +0 spear.
Found a stone staircase leading up.
Found 10 poisoned darts.
Found a robe.
There is a stone staircase leading up here.
Key pressed, stopping explore.
No target in view!
An ogre comes into view. It is wielding a +0 giant spiked club.
The ogre shouts!
Found a scroll labeled QEISCH XACRI.
An ogre is nearby!
The ogre hits you with a +0 giant spiked club!
You slash the ogre!
The ogre is moderately wounded.
The ogre hits you with a +0 giant spiked club!!
Ouch! That really hurt!
You die...

#.... #...# #
#...# .##...# #.#
...... ....
#...####### #...
#?......#.# ##.#
#.O@.##.#.# ...
####.#....####
#.. #.#.......#
.##.# #.........#
.....
###.....#.#######
######.#.#...#.#
#...............
#.####..##......
#.# #..##....##


You could see an ogre.

Vanquished Creatures
  4 gnolls (D:3)
  An ooze (D:1)
  A worm (D:3)
  2 dart slugs
  3 leopard geckos
  5 bats
  2 giant cockroaches (D:2)
  9 hobgoblins
  3 jackals (D:1)
  A ball python (D:1)
  3 frilled lizards (D:1)
  6 goblins
  6 kobolds
  9 rats
55 creatures vanquished.

Notes
Turn   | Place    | Note
-------+----------+-------------------------------------------
     0 | D:1      | Hugehornet the Gargoyle Fighter began the quest for the
                  | Orb.
     0 | D:1      | Reached XP level 1. HP: 14/14 MP: 1/1
    33 | D:1      | Reached skill level 2 in Axes
    40 | D:1      | Reached XP level 2. HP: 16/19 MP: 2/2
   370 | D:1      | Reached skill level 3 in Axes
   370 | D:1      | Reached XP level 3. HP: 23/23 MP: 3/3
   684 | D:2      | Found a burning altar of Makhleb.
   938 | D:2      | Reached XP level 4. HP: 28/28 MP: 4/4
  1225 | D:3      | Reached skill level 4 in Axes
  1318 | D:3      | Noticed an ogre
  1320 | D:3      | Slain by an ogre

Levels and vault maps discovered:
D:1:      kennysheep_arrival_forest, layout_rooms
D:2:      layout_rooms, bloody_makhleb
D:3:      layout_basic, nicolae_overflow_crystal_walls, zin_purify,
          eat_drink_and_be_merry_uskayaw, kennysheep_generic_room_4

Skill      XL: |  1  2  3  4 |
---------------+-------------+-----
Axes           | 2 3 4 |  4.4
Fighting       | |  3.2
Armour         | |  3.2
Shields        | |  3.2

Action                   |  1- 3 |  4- 6 || total
-------------------------+-------+-------++-------
Melee: War axe           |   143 |    53 ||   196
  Eat: Chunk             |       |     2 ||     2
Armor: Scale mail        |    67 |    31 ||    98
Dodge: Dodged            |    61 |    30 ||    91
Block: Shield            |    77 |    29 ||   106
